 Dungeon Crawl Stone Soup version 0.31-a0-1068-g5939ac1fb6 (webtiles) character file.

Game seed: 10354517630304054544

669 graki42 the Conjurer (level 7, 0/36 HPs)
             Began as a Deep Elf Conjurer on Nov 23, 2023.
             Killed from afar by Dowan (14 damage)
             ... with a shard of ice
             ... on level 4 of the Dungeon.
             The game lasted 00:13:48 (3049 turns).

graki42 the Conjurer (Deep Elf Conjurer)            Turns: 3049, Time: 00:13:49

Health: 0/36       AC:  5    Str:  6    XL:     7   Next: 32%
Magic:  23/27      EV: 12    Int: 23    God:
Gold:   312        SH:  0    Dex: 13    Spells: 7/18 levels left

rFire   . . .        g - +1 whip (venom)
rCold   . . .        (no shield)
rNeg    . . .        a - +0 robe
rPois   .            o - +2 hat
rElec   .            v - +0 cloak
rCorr   .            (no gloves)
SInv    .            (no boots)
Will    +....        (no amulet)
Stlth   ++           i - ring of magical power
HPRegen 0.26/turn    l - ring of willpower
MPRegen 0.20/turn

%: no passive effects
@: no status effects
A: no striking features
a: no special abilities


You were on level 4 of the Dungeon.
You visited 1 branch of the dungeon, and saw 4 of its levels.

You collected 312 gold pieces.

Inventory:

Hand Weapons
 g - a +1 whip of venom (weapon)
Armour
 a - a +0 robe (worn)
 o - a +2 hat (worn)
 v - a +0 cloak (worn)
Jewellery
 i - a ring of magical power (left hand)
 l - a ring of willpower (right hand)
 u - a +4 ring of slaying
 w - a +6 ring of dexterity
Scrolls
 c - 3 scrolls of teleportation
 d - a scroll of revelation {unknown}
 e - 2 scrolls of blinking {unknown}
 h - 2 scrolls of identify {unknown}
 n - 2 scrolls of amnesia {unknown}
 q - a scroll of poison {unknown}
 r - a scroll of vulnerability {unknown}
Potions
 b - a potion of magic
 f - a potion of might {unknown}
 j - 2 potions of ambrosia {unknown}
 k - a potion of brilliance {unknown}
 m - a potion of mutation {unknown}
 p - a potion of resistance {unknown}
 s - a potion of enlightenment {unknown}
 t - a potion of curing {unknown}


   Skills:
 - Level 3.0 Dodging
 - Level 3.0 Stealth
 + Level 6.4 Spellcasting
 + Level 6.4 Conjurations
 + Level 4.1 Hexes
 + Level 3.3 Translocations


You had 7 spell levels left.
You knew the following spells:

 Your Spells              Type           Power      Damage    Failure   Level
a - Magic Dart            Conj           100%       1d8       1%          1
b - Searing Ray           Conj           74%        2d7       1%          2
c - Fulminant Prism       Conj/Hex       15%        3d11      9%          4
d - Iskenderun's Mystic   Conj/Tloc      30%        2d8       11%         4

Your spell library contained the following spells:

 Spells                   Type           Power      Damage    Failure   Level
 Dazzling Flash           Conj/Hex       62%        N/A       2%          3
 Hailstorm                Conj/Ice       22%        3d7       6%          3
 Freeze                   Ice            28%        1d5       9%          1
 Necrotise                Necr           28%        1d5       9%          1
 Frozen Ramparts          Ice            14%        1d3       24%         3
 Vampiric Draining        Necr           7%         2d6       24%         3
 Agony                    Necr           7%         N/A       92%         5


Dungeon Overview and Level Annotations

Branches:
Dungeon (4/15)
 Temple: D:4-7

Altars:
Okawaru

Shops:
D:2 !

Annotations:
D:4 Dowan, Edmund


Message History

Duvessa is almost dead.
Duvessa hits you with a +1 rapier of electrocution.
You are electrocuted!
The searing ray hits Duvessa!
You kill Duvessa!
You hear a distant wail of despair.
You finish channelling your searing ray.
Your Hexes skill increases to level 4!
You start resting.
Magic restored.
Dowan, Brother of Duvessa comes into view.
He is wielding a +0 dagger.
Casting: Searing Ray (safe; 1% risk of failure)
Confirm with . or Enter, or press ? or * to list all spells.
Aiming: Magic Dart (safe; 1% risk of failure)
Press: ? - help, Shift-Dir - straight line, f - Dowan
Aim: Dowan, wielding a +0 dagger and wearing a +0 robe (wandering, hasn't noticed you, 100% to hit)
The magic dart hits Dowan.
Dowan is lightly wounded.
Dowan shouts!
Dowan seems to find hidden reserves of power!
Dowan points at you and mumbles some strange words.
The shard of ice hits you!
Things that are here:
a +1 rapier of electrocution; a +0 ring mail; the elf corpse of Duvessa
Casting: Magic Dart (safe; 1% risk of failure)
Confirm with . or Enter, or press ? or * to list all spells.
Aiming: Searing Ray (safe; 1% risk of failure)
Press: ? - help, Shift-Dir - straight line, f/p - Dowan
Aim: Dowan, wielding a +0 dagger and wearing a +0 robe (lightly wounded, fast, 73% to hit)
The searing ray misses Dowan. (Press . to maintain the ray.) Dowan casts a spell at you.
The stone arrow misses you.
The searing ray misses Dowan.
The searing ray hits Dowan!
Dowan is heavily wounded.
Dowan misses you. Dowan gestures at you while chanting.
The shard of ice hits you!
You die...

##.....#.# #.# #.#
##.#.###.# #.# #.#
#.#..###.########.#
#.#
.###..............#
#..
#.#..###.#######.##
### ##.#.# #.# ##.#.#
#.# .....## # #.#
.###..##.# #@# ^#
#..... #e#
.###..##########)#
.)...............###
##........<........###
#.#.....####........#
#.###...# #.####.#.#
#.# ##.## #.## #.# e.
#.####.####...##...
...


You could see Dowan (fast).

Vanquished Creatures
  Menkaure (D:4)
  Duvessa (D:4)
  An ogre (D:4)
  A scorpion (D:4)
  A hound (D:4)
  An orc priest (D:4)
  A sleepcap (D:4)
  Terence (D:2)
  3 orc wizards
  2 adders (D:2)
  3 dart slugs (D:1)
  6 orcs
  15 ball pythons
  6 endoplasms
  6 giant cockroaches
  12 goblins
  5 hobgoblins
  7 jackals (D:1)
  A quokka (D:3)
  4 bats
  3 frilled lizards
  10 kobolds
  6 rats
97 creatures vanquished.

Vanquished Creatures (others)
  A fulminant prism (D:2)
1 creature vanquished.

Grand Total: 98 creatures vanquished

Notes
Turn   | Place    | Note
-------+----------+-------------------------------------------
     0 | D:1      | graki42 the Deep Elf Conjurer began the quest for the Orb.
     0 | D:1      | Reached XP level 1. HP: 10/10 MP: 6/6
    77 | D:1      | Reached XP level 2. HP: 13/15 MP: 0/8
    80 | D:1      | Learned a level 2 spell: Searing Ray
   445 | D:1      | Found a faded altar of an unknown god.
   449 | D:1      | Reached XP level 3. HP: 19/19 MP: 8/10
   941 | D:2      | Found Zouv Raega's Distillery.
  1002 | D:2      | Reached skill level 5 in Conjurations
  1176 | D:1      | Reached XP level 4. HP: 24/24 MP: 12/12
  1627 | D:2      | Learned a level 4 spell: Fulminant Prism
  1632 | D:2      | Learned a level 4 spell: Iskenderun's Mystic Blast
  1668 | D:2      | Noticed Terence
  1679 | D:2      | Killed Terence
  1909 | D:3      | Reached skill level 1 in Hexes
  1909 | D:3      | Reached skill level 1 in Translocations
  1909 | D:3      | Reached XP level 5. HP: 23/28 MP: 14/14
  1916 | D:3      | Reached skill level 5 in Spellcasting
  2318 | D:3      | Found an iron altar of Okawaru.
  2508 | D:4      | Noticed Menkaure
  2513 | D:4      | Identified the ring "Quclat Otagh" {rPois rC- Will+ AC+4
                  | Str+4}
  2513 | D:4      | Noticed Edmund
  2514 | D:4      | Killed Menkaure
  2515 | D:4      | Reached XP level 6. HP: 10/32 MP: 16/16
  2943 | D:4      | Found the +3 pair of gauntlets of War {Slay+5}
  2961 | D:4      | Reached XP level 7. HP: 36/36 MP: 18/18
  2986 | D:4      | Noticed Duvessa
  3002 | D:4      | Killed Duvessa
  3044 | D:4      | Noticed Dowan
  3049 | D:4      | Killed from afar by Dowan

Illustrated notes

Levels and vault maps discovered:
D:1:      lightli_arrival_noodles, layout_rooms,
          ebering_ecumenical_altar_abandoned, minmay_close_crescents
D:2:      layout_rooms, serial_shops, shop, minmay_pentomino_pile, uniq_sigmund,
          uniq_robin, uniq_terence
D:3:      layout_rooms, mainiacjoe_overflow_concentric_impassable
D:4:      layout_loops_ring, ebering_ghost_rock_garden, chequers_arboretum,
          uniq_edmund, uniq_duvessa, uniq_menkaure

Skill      XL: |  1  2  3  4  5  6  7 |
---------------+----------------------+-----
Stealth        | 3 |  3.0
Dodging        | 3 |  3.0
Spellcasting   | 4 5 6 |  6.4
Conjurations   | 5 6 |  6.4
Hexes          | 1 2 3 4 |  4.1
Translocations | 1 2 3 |  3.3

Action                     |  1- 3 |  4- 6 |  7- 9 || total
---------------------------+-------+-------+-------++-------
  Melee: Unarmed           |    19 |       |       ||    19
         Whip              |       |     2 |       ||     2
   Cast: Magic Dart        |    59 |    50 |     1 ||   110
         Searing Ray       |     6 |    15 |     3 ||    24
         Fulminant Prism   |       |     1 |       ||     1
    Use: Scroll            |     1 |       |       ||     1
 Armour: Robe              |    26 |     8 |     4 ||    38
  Dodge: Dodged            |    32 |    12 |     4 ||    48

Table legend: (Time is in decaauts)
 A = Elapsed time spent in this place.
 B = Non-inter-level travel time spent in this place.
 C = Inter-level travel time spent in this place.
 D = Time resting spent in this place.
 E = Time spent auto-exploring this place.
 F = Levels seen in this place.
 G = Mean time per level.
                   A        B        C        D        E       F      G
               +--------+--------+--------+--------+--------+-----+--------+
         Total |   3046 |   2952 |     94 |    376 |   2027 |   4 |  761.5 |
       Dungeon |   3046 |   2952 |     94 |    376 |   2027 |   4 |  761.5 |
               +--------+--------+--------+--------+--------+-----+--------+

Top non-repeatable levels by time:
     D:1: 1050 daAuts
     D:2: 853 daAuts
     D:3: 711 daAuts
     D:4: 431 daAuts
